 Dungeon Crawl Stone Soup version 0.27-a0-1595-g0b823d0a13 (webtiles) character file.

Game seed: 13838451718351622440

73 Spaninq the Slasher (level 4, -1/52 HPs)
             Began as a Demonspawn Berserker on July 20, 2021.
             Was a Believer of Trog.
             Slain by a worm (8 damage)
             ... on level 2 of the Dungeon.
             The game lasted 00:03:12 (1740 turns).

Spaninq the Slasher (Demonspawn Berserker)          Turns: 1740, Time: 00:03:13

Health: -1/52      AC:  2    Str: 18    XL:     4   Next: 8%
Magic:  4/4        EV: 12    Int: 11    God:    Trog [**....]
Gold:   73         SH:  0    Dex: 12    Spells: 3/3 levels left

rFire    . . .     SeeInvis .   a - +0 falchion
rCold    . . .     Faith    .   (no shield)
rNeg     . . .     Spirit   .   b - +0 animal skin
rPois    .         Reflect  .   (no helmet)
rElec    .         Harm     .   (no cloak)
rCorr    .         Rampage  .   (no gloves)
Will     .....                  (no boots)
Stlth    ..........             (no amulet)
HPRegen  0.17/turn              (no ring)
MPRegen  0.18/turn              (no ring)

@: berserking, very quick
A: magic regeneration, big brain 1
a: Renounce Religion, Berserk, Trog's Hand


You were on level 2 of the Dungeon.
You worshipped Trog.
Trog was pleased with you.
You visited 1 branch of the dungeon, and saw 2 of its levels.

You collected 73 gold pieces.

Inventory:

Hand Weapons
 a - a +0 falchion (weapon)
Armour
 b - a +0 animal skin (worn)
Scrolls
 d - 2 scrolls of teleportation {unknown}
 f - a scroll of enchant armour {unknown}
 g - 2 scrolls of enchant weapon {unknown}
Potions
 c - a potion of invisibility {unknown}
 e - a potion of berserk rage {unknown}
 h - a potion of curing {unknown}
 i - a potion of degeneration {unknown}
 j - a potion of might {unknown}


   Skills:
 + Level 3.4 Fighting
 * Level 3.5 Long Blades
 + Level 2.3 Armour
 + Level 2.3 Dodging


You had 3 spell levels left.
You didn't know any spells.
Your spell library was empty.

Dungeon Overview and Level Annotations

Branches:
Dungeon (2/15)

Altars:


Innate Abilities, Weirdness & Mutations

You regenerate magic rapidly.
You have an unusually large brain. (Int +2)


Message History

You closely miss the goblin. The goblin barely misses you.
The goblin hits you with a +0 dagger.
You hit the goblin but do no damage. The goblin misses you.
You riposte.
You hit the goblin.
You kill the goblin!
Trog accepts your kill.
You see here a +0 dagger.
You now have 73 gold pieces (gained 9).
There is a stone staircase leading down here.
A worm comes into view.
You barely miss the worm. You hit the worm.
The worm is lightly wounded.
The worm bites you!
You hit the worm.
The worm is lightly wounded.
The worm bites you!
You hit the worm but do no damage.
The worm is lightly wounded.
You hit the worm.
The worm is moderately wounded.
The worm bites you but does no damage.
You hit the worm but do no damage.
The worm is moderately wounded.
The worm bites you.
You hit the worm.
The worm is moderately wounded.
You slash the worm!
The worm is almost dead.
The worm bites you.
* * * LOW HITPOINT WARNING * * *
You barely miss the worm.
The worm is severely wounded.
The worm bites you.
* * * LOW HITPOINT WARNING * * *
A red film seems to cover your vision as you go berserk!
You feel yourself moving faster!
You feel mighty!
You feel a strong urge to attack something.
The worm bites you!
You die...

#..... ###.#... ####...#.#. # ###
##.....##.#. #. ..# #..###.##.#.
... #..#####.# #.## #.##..| ...
#....##.# #.# #.##..# ...
####w##.# #.# #.##..# ..##
#.@#.###.# ##.##... #..#
##.#.....# #..##... ..###
###.....#### #.###..# #...##
###....##.#### #.##...#
#....####...##.##....###.##....
#.#.......####.##.....##.##...# .
#.#....##.....)#.......#......# .
#†####....###.>...........##..#
.##.......#..............#.###..#


You could see a worm.

Vanquished Creatures
  A gnoll (D:1)
  3 adders
  An endoplasm (D:2)
  A giant cockroach (D:1)
  4 goblins
  A hobgoblin (D:1)
  6 jackals
  2 kobolds (D:1)
  A quokka (D:1)
  5 ball pythons
  5 bats
  A frilled lizard (D:1)
  3 rats
34 creatures vanquished.

Notes
Turn   | Place    | Note
-------+----------+-------------------------------------------
     0 | D:1      | Spaninq the Demonspawn Berserker began the quest for the
                  | Orb.
     0 | D:1      | Reached XP level 1. HP: 18/18 MP: 1/1
   152 | D:1      | Gained mutation: You regenerate magic rapidly. [demonic
                  | ancestry]
   152 | D:1      | Reached XP level 2. HP: 14/24 MP: 2/2
   445 | D:1      | Found a faded altar of an unknown god.
   676 | D:1      | Reached XP level 3. HP: 8/29 MP: 3/3
  1251 | D:2      | Reached ** piety under Trog
  1609 | D:2      | Gained mutation: You have an unusually large brain. (Int
                  | +2) [demonic ancestry]
  1609 | D:2      | Reached XP level 4. HP: 33/35 MP: 4/4
  1740 | D:2      | Slain by a worm

Illustrated notes

Levels and vault maps discovered:
D:1:      elethiomel_arrival_fortress_basement, layout_rooms,
          basic_ecumenical_altar
D:2:      layout_rooms

Skill      XL: |  1  2 |
---------------+-------+-----
Long Blades    | 3 |  3.5
Armour         | 2 |  2.3
Dodging        | 2 |  2.3
Fighting       | |  3.4

Action                   |  1- 3 |  4- 6 || total
-------------------------+-------+-------++-------
Melee: Falchion          |   103 |    11 ||   114
Invok: Berserk           |       |     1 ||     1
Armor: Animal skin       |    28 |     2 ||    30
Dodge: Dodged            |   105 |     2 ||   107
       Rpst.: Falchion   |    29 |     1 ||    30

Table legend: (Time is in decaauts)
 A = Elapsed time spent in this place.
 B = Non-inter-level travel time spent in this place.
 C = Inter-level travel time spent in this place.
 D = Time resting spent in this place.
 E = Time spent auto-exploring this place.
 F = Levels seen in this place.
 G = Mean time per level.
                   A        B        C        D        E       F      G
               +--------+--------+--------+--------+--------+-----+--------+
         Total |   1756 |   1711 |     45 |    119 |   1292 |   2 |  878.0 |
       Dungeon |   1756 |   1711 |     45 |    119 |   1292 |   2 |  878.0 |
               +--------+--------+--------+--------+--------+-----+--------+

Top non-repeatable levels by time:
     D:1: 1234 daAuts
     D:2: 522 daAuts
